 Dungeon Crawl Stone Soup version 0.30-a0-722-g3e6e8c874d (webtiles) character file.

Game seed: 7565229995531883613

480 testman the Magician (level 7, -1/79 HPs)
             Began as a Djinni Ice Elementalist on Jan 27, 2023.
             Slain by Edmund
             ... wielding a +2 dire flail of draining
              (7 damage)
             ... on level 4 of the Dungeon.
             The game lasted 00:13:18 (2803 turns).

testman the Magician (Djinni Ice Elementalist)      Turns: 2803, Time: 00:13:19

Health: -1/79      AC: 30    Str:  7    XL:     7   Next: 34%
Gold:   70         EV:  2    Int: 24    God:
                   SH:  0    Dex: 14

rFire   . . .      SeeInvis .    r - +2 short sword (freeze)
rCold   . . .      Faith    .    (no shield)
rNeg    . . .      Spirit   .    (body armour currently unavailable)
rPois   ∞          Reflect  .    (helmet currently unavailable)
rElec   .          Harm     .    (cloak currently unavailable)
rCorr   .          Rampage  .    (gloves currently unavailable)
Will    .....      NoTele   +    (boots unavailable)
Stlth   ++                       (no amulet)
HPRegen 0.33/turn                i - +6 ring of intelligence
MPRegen 0.00/turn                (no ring)

@: ice-armoured, tree-form, freezing walls
A: stationary, stasis, torment immunity, boosted hp, sickness immunity, (fire
resistance 2), (cold vulnerability 1), float, innate caster, HP casting, extra
vitality 1
a: no special abilities


You were on level 4 of the Dungeon.
You were a tree.
You visited 1 branch of the dungeon, and saw 4 of its levels.

You collected 125 gold pieces.
You spent 55 gold pieces at shops.

Inventory:

Hand Weapons
 c - a +0 mace
 q - a +3 quarterstaff of chaos
 r - a +2 short sword of freezing (weapon)
Missiles
 k - 2 silver javelins
Armour
 a - a +0 robe (melded)
 f - a +0 pair of gloves (melded)
 p - a +0 cloak (melded)
Jewellery
 i - a +6 ring of intelligence (left branch)
Scrolls
 e - a scroll of acquirement {unknown}
 g - a scroll of fog
 l - a scroll of fear
 n - 2 scrolls of teleportation
 o - a scroll of torment {unknown}
 s - a scroll of enchant armour {unknown}
 v - a scroll of enchant weapon {unknown}
 w - a scroll of poison {unknown}
Potions
 b - a potion of magic
 d - a potion of cancellation
 h - a potion of haste
 j - a potion of flight
 t - a potion of might {unknown}
 u - a potion of mutation {unknown}


   Skills:
 + Level 4.9 Fighting
 - Level 2.1 Dodging
 - Level 1.5 Stealth
 + Level 5.1 Spellcasting


You couldn't memorise any spells.
You knew the following spells:

 Your Spells              Type           Power      Damage    Failure   Level
a - Freeze                Ice            100%       1d10      1%          1
b - Frozen Ramparts       Ice            60%        1d10      3%          3
c - Ozocubu's Armour      Ice            30%        N/A       3%          3
d - Summon Ice Beast      Ice/Summ       30%        N/A       11%         4
e - Sting                 Tmut/Pois      100%       1d8       1%          1
f - Call Imp              Summ           30%        N/A       1%          2
g - Lesser Beckoning      Tloc           60%        N/A       1%          2
Your spell library was empty.

Dungeon Overview and Level Annotations

Branches:
Dungeon (4/15)
 Temple: D:4-7

Altars:
Qazlal

Shops:
D:3 ?

Annotations:
D:4 Edmund, Grinder


Innate Abilities, Weirdness & Mutations

You are a tree.
Your roots penetrate the ground, keeping you stationary.
You cannot be teleported.
You are immune to unholy pain and torment.
Your maximum health is greatly increased.
Your equipment is partially melded.
You are immune to sickness and miasma.
You are immune to poison.
((Your flesh is very heat resistant. (rF++)))
((You are vulnerable to cold. (rC-)))
You float through the air rather than walking.
You learn spells naturally, not from books.
Your magical power is your life essence.
You have superior vitality. (+4 MHP)


Message History

Edmund hits you with a +2 dire flail of draining.
* * * LOW HITPOINT WARNING * * *
Grinder resists.
The wall freezes Grinder.
Grinder blinks!
Casting: Freeze (safe; 1% risk of failure)
Confirm with . or Enter, or press ? or * to list all spells.
Aiming: Freeze (safe; 1% risk of failure)
Press: ? - help, Shift-Dir - straight line, f/p - Edmund
Aim: Edmund, wielding a +2 dire flail of draining and wearing a +4 scale mail of fire resistance (heavily wounded, poisoned, ally target)
Okay, then.
Unknown command.
Really quaff the potion of lignification?
You turn into a tree.
Your +0 cloak melds into your body.
Your +0 pair of gloves melds into your body.
Your +0 robe melds into your body.
Your roots penetrate the ground.
The wall freezes Edmund but does no damage.
Edmund barely misses you.
You closely miss Edmund. You punch Edmund, but do no damage.
Edmund is heavily wounded.
The wall freezes Edmund.
Edmund hits you but does no damage.
You hit Edmund but do no damage.
Edmund is heavily wounded.
The wall freezes Edmund.
Edmund hits you but does no damage.
You barely miss Edmund.
Edmund is severely wounded.
The frozen ramparts melt away.
Edmund hits you but does no damage.
Casting: Freeze (safe; 1% risk of failure)
Confirm with . or Enter, or press ? or * to list all spells.
Casting: Frozen Ramparts (dangerous; 3% risk of failure)
Press: ? - help, Dir - look around, f - activate The walls around you are covered in ice.
* * * LOW HITPOINT WARNING * * *
Edmund looks more healthy.
The wall freezes Edmund but does no damage.
Edmund hits you but does no damage.
You barely miss Edmund.
Edmund is severely wounded.
Grinder hits your crimson imp.
The wall freezes Edmund but does no damage.
Edmund hits you with a +2 dire flail of draining!
You die...

#..##.#
....#. .....
## ##5..# ..
.5..# #.
#Y#.#
##.####.#@#
#..(<.).♣.#
#...........#
#.#####.#####
# #.# #.# #.#
#.# #.#


You could see Edmund (ally target), Grinder (ally target), a friendly ice beast
(summoned, paralysed, drained) and a friendly crimson imp (summoned).

Vanquished Creatures
  A black bear (D:3)
  2 orc priests (D:3)
  A hound (D:3)
  Crazy Yiuf (D:2)
  Natasha (twice) (D:2)
  An orc wizard (D:3)
  4 gnolls (D:3)
  8 adders
  2 worms
  3 dart slugs (D:1)
  5 orcs (D:3)
  3 endoplasms
  A giant cockroach (D:2)
  10 goblins
  2 hobgoblins
  9 jackals
  5 ball pythons
  2 bats
  7 frilled lizards
  9 kobolds
  3 rats
81 creatures vanquished.

Vanquished Creatures (collateral kills)
  A kobold (D:3)
1 creature vanquished.

Grand Total: 82 creatures vanquished

Notes
Turn   | Place    | Note
-------+----------+-------------------------------------------
     0 | D:1      | testman the Djinni Ice Elementalist began the quest for the
                  | Orb.
     0 | D:1      | testman set off with the following spells memorised:
                  | Freeze, Frozen Ramparts, Ozocubu's Armour, Summon Ice
                  | Beast.
     0 | D:1      | Reached XP level 1. HP: 15/15 MP: 0/0
    51 | D:1      | Reached skill level 1 in Fighting
    51 | D:1      | Reached XP level 2. HP: 7/22 MP: 0/0
   198 | D:1      | Found a faded altar of an unknown god.
   381 | D:1      | Reached XP level 3. HP: 21/27 MP: 0/0
   381 | D:1      | Learned a level 1 spell: Sting
   843 | D:2      | Reached XP level 4. HP: 31/33 MP: 0/0
   995 | D:2      | Noticed Natasha
   999 | D:2      | Reached skill level 4 in Spellcasting
  1000 | D:2      | Killed Natasha
  1001 | D:2      | Reached XP level 5. HP: 33/40 MP: 0/0
  1001 | D:2      | Learned a level 2 spell: Call Imp
  1213 | D:2      | Found a runed translucent door.
  1214 | D:2      | Noticed Crazy Yiuf
  1221 | D:2      | Killed Crazy Yiuf
  1407 | D:2      | Noticed Natasha
  1411 | D:2      | Killed Natasha
  1590 | D:3      | Found Jew Axki's Magic Scroll Emporium.
  1594 | D:3      | Bought a scroll of teleportation for 33 gold pieces
  1594 | D:3      | Bought a scroll of identify for 22 gold pieces
  1618 | D:3      | Reached XP level 6. HP: 30/46 MP: 0/0
  2021 | D:3      | Noticed a black bear
  2027 | D:3      | Killed a black bear
  2028 | D:3      | Reached skill level 5 in Spellcasting
  2028 | D:3      | Reached XP level 7. HP: 42/53 MP: 0/0
  2028 | D:3      | Learned a level 2 spell: Lesser Beckoning
  2197 | D:3      | Found a stormy altar of Qazlal.
  2758 | D:4      | Noticed Grinder
  2766 | D:4      | Paralysed by Grinder for 4 turns
  2786 | D:4      | Paralysed by Grinder for 2 turns
  2788 | D:4      | Noticed Edmund
  2803 | D:4      | Slain by Edmund

Illustrated notes

Levels and vault maps discovered:
D:1:      sevenhm_arrival_forest_fort_small_5, layout_rooms,
          shapermc_ecumenical_altar_mp_urbaneastern
D:2:      layout_basic, uniq_natasha, uniq_crazy_yiuf_cottage
D:3:      layout_basic, grunt_qazlal_sundering, serial_shops,
          nicolae_shop_hallway_stairs, minmay_unequal
D:4:      layout_loops_ring, uniq_grinder, uniq_edmund, uniq_eustachio,
          uniq_blork_the_orc

Skill      XL: |  1  2  3  4  5  6 |
---------------+-------------------+-----
Fighting       | 1 2 3 4 |  4.9
Spellcasting   | 4 5 |  5.1
Dodging        | |  2.1
Stealth        | |  1.5

Action                     |  1- 3 |  4- 6 |  7- 9 || total
---------------------------+-------+-------+-------++-------
  Melee: Mace              |    18 |    14 |       ||    32
         Punch             |     1 |       |     1 ||     2
         Quarterstaff      |       |     7 |       ||     7
         Short sword       |       |    28 |    27 ||    55
   Cast: Freeze            |    24 |       |     2 ||    26
         Sting             |    11 |    15 |     6 ||    32
         Frozen Ramparts   |     1 |    15 |     8 ||    24
         Ozocubu's Armour  |       |     3 |     1 ||     4
         Summon Ice Beast  |       |     1 |     2 ||     3
         Call Imp          |       |     1 |     2 ||     3
    Use: Scroll            |       |     6 |     1 ||     7
         Potion            |       |       |     1 ||     1
   Stab: Sleeping          |     2 |     1 |     2 ||     5
 Armour: Robe              |     3 |     8 |     3 ||    14
         Skin              |       |       |     4 ||     4
  Dodge: Dodged            |    33 |    23 |    15 ||    71

Table legend: (Time is in decaauts)
 A = Elapsed time spent in this place.
 B = Non-inter-level travel time spent in this place.
 C = Inter-level travel time spent in this place.
 D = Time resting spent in this place.
 E = Time spent auto-exploring this place.
 F = Levels seen in this place.
 G = Mean time per level.
                   A        B        C        D        E       F      G
               +--------+--------+--------+--------+--------+-----+--------+
         Total |   2815 |   2696 |    119 |     56 |   2139 |   4 |  703.8 |
       Dungeon |   2815 |   2696 |    119 |     56 |   2139 |   4 |  703.8 |
               +--------+--------+--------+--------+--------+-----+--------+

Top non-repeatable levels by time:
     D:3: 1164 daAuts
     D:2: 984 daAuts
     D:1: 617 daAuts
     D:4: 48 daAuts
